 Dungeon Crawl Stone Soup version 0.30.0-29-ga12c61a403 (webtiles) character file.

Game seed: 13483146881887550323

128 qw the Chopper (level 5, 0/32 HPs)
             Began as a Gargoyle Fighter on June 2, 2023.
             Slain by Natasha (6 damage)
             ... on level 2 of the Dungeon.
             The game lasted 00:00:56 (1365 turns).

qw the Chopper (Gargoyle Fighter)                   Turns: 1365, Time: 00:00:56

Health: 0/32       AC: 12    Str: 22    XL:     5   Next: 12%
Magic:  5/5        EV:  9    Int:  8    God:
Gold:   90         SH:  4    Dex:  9    Spells: 4/4 levels left

rFire   . . .        Y - +0 war axe
rCold   . . .        c - +0 buckler
rNeg    + . .        b - +0 scale mail
rPois   inf          (no helmet)
rElec   +            (no cloak)
rCorr   +            (no gloves)
SInv    .            f - +0 pair of boots
Will    .....        (no amulet) Stlth
                     j - ring of resist corrosion
HPRegen 0.25/turn    (no ring)
MPRegen 0.09/turn

%: no passive effects
@: slowed, very slow
A: sickness immunity, AC +4, negative energy resistance 1, electricity
resistance, torment resistance 1, petrification resistance
a: no special abilities


You were on level 2 of the Dungeon.
You visited 1 branch of the dungeon, and saw 2 of its levels.

You collected 123 gold pieces.
You spent 33 gold pieces at shops.


Innate Abilities, Weirdness & Mutations

You are immune to sickness and miasma.
Your stone body is resilient. (AC +4)
You are immune to poison.
You resist negative energy. (rN+)
You are resistant to electric shocks. (rElec)
You are resistant to unholy torment.
You are immune to petrification.


   Skills:
 - Level 3.2 Fighting
 + Level 4.7 Axes
 - Level 3.2 Armour
 - Level 3.2 Shields


You had 4 spell levels left.
You didn't know any spells.
Your spell library was empty.

Inventory:

Hand Weapons
 l - a +0 mace
 Y - a +0 war axe (weapon)
Armour
 b - a +0 scale mail (worn)
 c - a +0 buckler (worn)
 f - a +0 pair of boots (worn)
Jewellery
 j - a ring of resist corrosion (left hand)
Scrolls
 a - a scroll of identify
Potions
 d - 2 potions of might
 e - a potion of mutation
 g - a potion of invisibility {unknown}
 h - a potion of attraction {unknown}
 i - a potion of cancellation
 k - a potion of haste {unknown}

Dungeon Overview and Level Annotations

Branches:
Dungeon (2/15)

Altars:

Shops:
D:2 (

Annotations:
D:2 Natasha


Message History

Enter note: You start waiting.
Natasha is nearby!
Natasha casts a spell at you.
The magic dart hits you but does no damage.
You closely miss Natasha. Natasha closely misses you.
You hit Natasha but do no damage. Natasha casts a spell at you.
You feel yourself slow down.
You hit Natasha.
Natasha is lightly wounded.
Natasha closely misses you. Natasha claws you.
You hit Natasha but do no damage.
Natasha is lightly wounded.
Natasha claws you but does no damage. Natasha casts a spell at you.
The magic dart hits you!
You closely miss Natasha.
Natasha is lightly wounded.
Natasha claws you. x2
You completely miss Natasha.
Natasha is lightly wounded.
Natasha claws you. Natasha closely misses you.
You closely miss Natasha.
Natasha is lightly wounded.
Natasha claws you but does no damage. Natasha casts a spell at you.
The magic dart hits you.
You hit Natasha.
Natasha is moderately wounded.
Natasha mumbles some strange words.
Natasha casts a spell at you. The magic dart hits you!
You barely miss Natasha.
Natasha is moderately wounded.
Natasha completely misses you. The cerulean imp barely misses you.
You slash Natasha!
Natasha is almost dead.
Natasha claws you.
You die...

.....>......##....#
...............#####
#..............(.## #
#........(......... #.
###............... ###..
###...............
.....##5.)..............
.#.....h##..............
...$...@.#......).......
###.#....)..............
.................%......
###.#..?................
#$#.#..#................
### #..(................
.. .....................
.#.#.................
.... ................


You could see Natasha (empowered) and a cerulean imp (summoned).

Vanquished Creatures
  Natasha (twice) (D:2)
  2 adders (D:2)
  2 worms (D:2)
  A dart slug (D:1)
  8 endoplasms
  A giant cockroach (D:1)
  2 goblins (D:2)
  4 hobgoblins
  6 jackals
  2 quokkas (D:2)
  7 ball pythons
  A frilled lizard (D:2)
  4 kobolds
  9 rats
51 creatures vanquished.

Notes
Turn   | Place    | Note
-------+----------+-------------------------------------------
     0 | D:1      | qw the Gargoyle Fighter began the quest for the Orb.
     0 | D:1      | Reached XP level 1. HP: 14/14 MP: 1/1
     0 | D:1      | 0 ||| qw: Version: 0.2-a-102-gdf20003
     0 | D:1      | 0 ||| qw: Game counter: 933
     0 | D:1      | 0 ||| qw: Always use a shield: true
     0 | D:1      | 0 ||| qw: God list: Okawaru
     0 | D:1      | 0 ||| qw: Allow faded altars: false
     0 | D:1      | 0 ||| qw: Do Orc after D:15 true
     0 | D:1      | 0 ||| qw: Do second Lair branch before Depths: true
     0 | D:1      | 0 ||| qw: Lair rune preference: random
     0 | D:1      | 0 ||| qw: Plans: Normal, Zot:1-4, Slime:5, God:TSO, Crypt,
                  | Tomb, Pan, Hells, Abyss, Win
     0 | D:1      | 0 ||| PLANNING D:1-11
    95 | D:1      | Reached skill level 2 in Axes
   155 | D:1      | Reached XP level 2. HP: 19/19 MP: 2/2
   412 | D:1      | Reached skill level 3 in Axes
   426 | D:1      | Reached XP level 3. HP: 23/23 MP: 3/3
   762 | D:1      | 762 ||| UPGRADING to +0 pair of boots.
   767 | D:1      | 767 ||| UPGRADING to ring of resist corrosion.
   768 | D:1      | 768 ||| READING 2 scrolls labelled FOXY OXAIZEGEM.
   769 | D:1      | 769 ||| DRINKING 2 sapphire potions.
   818 | D:2      | 818 ||| STAIRDANCE
   953 | D:2      | Noticed Natasha
   954 | D:2      | 954 ||| Stepping ~*~*~tactically~*~*~ (hiding).
   965 | D:2      | Killed Natasha
   966 | D:2      | Reached XP level 4. HP: 12/28 MP: 4/4
  1013 | D:2      | Reached skill level 4 in Axes
  1028 | D:2      | Found Anuwk's Weapon Shop.
  1053 | D:2      | 1053 ||| BUYING +0 mace (33 gold).
  1053 | D:2      | Bought a +0 mace for 33 gold pieces
  1053 | D:2      | 1053 ||| SHOPLISTING +3 mace of protection (226 gold, have
                  | 67).
  1053 | D:2      | 1053 ||| DROPPING +0 club.
  1126 | D:2      | Noticed Natasha
  1135 | D:2      | Killed Natasha
  1136 | D:2      | Reached XP level 5. HP: 25/32 MP: 5/5
  1313 | D:2      | Noticed Natasha
  1314 | D:2      | 1314 ||| FLEEEEING.
  1315 | D:2      | 1315 ||| FLEEEEING.
  1316 | D:2      | 1316 ||| FLEEEEING.
  1317 | D:2      | 1317 ||| FLEEEEING.
  1318 | D:2      | 1318 ||| STAIRDANCE
  1349 | D:1      | 1349 ||| READING 2 scrolls of identify.
  1349 | D:1      | 1349 ||| IDENTIFYING viscous amethyst potion
  1352 | D:2      | 1352 ||| Stepping ~*~*~tactically~*~*~ (hiding).
  1353 | D:2      | 1353 ||| Stepping ~*~*~tactically~*~*~ (hiding).
  1363 | D:2      | HP: 5/32 [Natasha/magic dart (9)]
  1365 | D:2      | Slain by Natasha

Levels and vault maps discovered:
D:1:      minmay_arrival_four_circles, layout_loops_ring
D:2:      layout_rooms, serial_shops, shop, minmay_surrounded, uniq_natasha

Skill      XL: |  1  2  3  4 |
---------------+-------------+-----
Axes           | 2 3 4 |  4.7
Fighting       | |  3.2
Armour         | |  3.2
Shields        | |  3.2

Action                     |  1- 3 |  4- 6 || total
---------------------------+-------+-------++-------
  Melee: War axe           |    76 |    74 ||   150
    Use: Scroll            |     1 |     1 ||     2
         Potion            |     1 |       ||     1
 Armour: Scale mail        |    39 |    37 ||    76
  Dodge: Dodged            |    28 |    25 ||    53
  Block: Buckler           |    17 |    16 ||    33

Table legend:
 A = Non-vault XP
 B = Vault XP
 C = Vault XP percentage of total XP
 D = Non-vault monster count
 E = Vault monster count
 F = Vault count percentage of total count
                 A         B        C        D         E       F
            +---------+---------+-------+---------+---------+-------
      Total |     141 |      43 |  23.4 |      45 |       6 |  11.8
            +---------+---------+-------+---------+---------+-------
        D:1 |      46 |       0 |   0.0 |      26 |       0 |   0.0
        D:2 |      95 |      43 |  31.2 |      19 |       6 |  24.0
            +---------+---------+-------+---------+---------+-------
